[Event "Titled Tuesday Blitz March 08 Early 2022"]
[White "Lopez Del Alamo, Antonio"]
[Black "Omelja, Artem"]
[WhiteFideId "2227339"]
[BlackFideId "14119846"]
[WhiteElo "2082"]
[BlackElo "2382"]
[Result "1-0"]
[Round "07"]
[TimeControl "180+1"]
[Date "2022.03.09"]
[WhiteClock "0:00:50"]
[BlackClock "0:00:02"]

1. e4 c5 2. Nf3 e6 3. d3 Nc6 4. g3 Nf6 5. Bg2 d5 6. Nbd2 Be7 7. O-O O-O 8. e5 Nd7 9. Re1 Qc7 10. Qe2 b5 11. Nf1 Bb7 12. h4 Nd4 13. Nxd4 cxd4 14. Bf4 Rfc8 15. Rec1 a5 16. Nh2 b4 17. Nf3 Qb6 18. Bh3 a4 19. Kg2 Rc7 20. Ng5 h6 21. Qh5 hxg5 22. hxg5 g6 23. Qh4 Bf8 24. Bg4 Bg7 25. Rh1 Rxc2 26. Rh2 Rac8 27. Rah1 Kf8 28. Qh7 Rxb2 29. Bd1 b3 30. axb3 a3 31. Rh6 a2 32. Rxg6 fxg6 33. Qxg6 Qd8 34. Rh7 Qe7 35. Qh5 a1=Q 36. g6 Rxf2+ 37. Kxf2 Ke8 38. Rh8+ Nf8 39. Bg5 Qb2+ 40. Be2 Qb4 41. Qf3 1-0


[Site "https://www.chess.com"]

[Event "Titled Tuesday Blitz March 08 Early 2022"]
[White "Lou, Yiping"]
[Black "Erigaisi Arjun"]
[WhiteFideId "8603928"]
[BlackFideId "35009192"]
[WhiteElo "2412"]
[BlackElo "2745"]
[Result "1/2-1/2"]
[Round "07"]
[TimeControl "180+1"]
[Date "2022.03.08"]
[WhiteClock "0:00:18"]
[BlackClock "0:00:10"]

1. e4 e6 2. d4 d5 3. Nc3 Nf6 4. e5 Ne4 5. Nxe4 dxe4 6. Be3 b6 7. Ne2 Bb7 8. Ng3 Qh4 9. Bb5+ Nd7 10. Qh5 Qxh5 11. Nxh5 a6 12. Be2 g6 13. Nf4 c5 14. c3 b5 15. h4 cxd4 16. cxd4 Nb6 17. Rc1 Kd7 18. f3 exf3 19. gxf3 h5 20. Nd3 Nc4 21. Bg5 Rc8 22. b3 Na5 23. Kf2 Rxc1 24. Rxc1 Nc6 25. Be3 Nb4 26. a4 bxa4 27. bxa4 Nd5 28. Bd2 Bc6 29. Nc5+ Bxc5 30. Rxc5 Bxa4 31. Bxa6 Rb8 32. Ba5 Rb2+ 33. Kg3 Bc6 34. Bd3 Ne3 35. Be4 Nf5+ 36. Bxf5 gxf5 37. Rc3 Rb1 38. Kf4 Rd1 39. Kg5 Rxd4 40. Kxh5 Rd5 41. Bb4 Rxe5 42. Kg5 Re2 43. h5 Rg2+ 44. Kf6 Rh2 45. Kg5 e5 46. Rd3+ Ke8 47. Bd6 e4 48. fxe4 fxe4 49. Rc3 Rg2+ 50. Kf6 Rf2+ 51. Kg7 Kd7 52. Bb8 f5 53. h6 f4 54. Bxf4 Rxf4 55. h7 Rg4+ 56. Kf6 Rh4 57. Kg7 Rg4+ 58. Kf6 Rf4+ 59. Kg7 Rg4+ 1/2-1/2


[Site "https://www.chess.com"]

[Event "Titled Tuesday Blitz March 08 Early 2022"]
[White "Madaminov, Mukhiddin"]
[Black "Vogel, Roven"]
[WhiteFideId "14210703"]
[BlackFideId "12908088"]
[WhiteElo "1916"]
[BlackElo "2516"]
[Result "1-0"]
[Round "07"]
[TimeControl "180+1"]
[Date "2022.03.08"]
[WhiteClock "0:00:06"]
[BlackClock "0:00:47"]

1. d4 d5 2. Nc3 Nf6 3. Bf4 c5 4. e3 cxd4 5. exd4 a6 6. Nf3 Bg4 7. h3 Bxf3 8. Qxf3 Nc6 9. O-O-O e6 10. g4 Bd6 11. g5 Bxf4+ 12. Qxf4 Nh5 13. Qe3 Qd6 14. Ne2 O-O-O 15. h4 Kb8 16. Bh3 g6 17. Bg4 Ng7 18. h5 Rc8 19. Kb1 Ne7 20. Ng3 Ka7 21. Rde1 Qc7 22. c3 Nc6 23. Be2 Na5 24. Bd3 Qb6 25. Rc1 Nf5 26. Nxf5 gxf5 27. Qe5 Nc6 28. Qf6 Qc7 29. g6 hxg6 30. hxg6 Rxh1 31. Rxh1 fxg6 32. Qxe6 Rd8 33. Qxg6 f4 34. Rh7 Qb6 35. Qf6 Re8 36. Rh1 Qc7 37. Qf5 Qd6 38. a3 Rf8 39. Qg4 Na5 40. Qf3 Rf6 41. Re1 Nc6 42. Re8 Qd7 43. Re1 Rf8 44. Rh1 Na5 45. Ka2 Rf6 46. Rh5 Qa4 47. Qxd5 Rb6 48. b4 Nc6 49. Qb3 Qxb3+ 50. Kxb3 Ne7 51. Re5 Ng8 52. Rf5 Re6 53. Bc4 Re8 54. Bxg8 Rxg8 55. Rxf4 Rg1 56. a4 Rb1+ 57. Kc4 Rf1 58. a5 Ra1 59. Rf7 Rf1 60. d5 Rd1 61. Kc5 Kb8 62. c4 Rc1 63. Kb6 Kc8 64. Rc7+ Kd8 65. Kxb7 Rb1 66. b5 Rb3 67. b6 Rb2 68. c5 Ke8 69. c6 Kf8 70. Ka7 Kg8 71. b7 Kf8 72. Rd7 Ke8 73. f4 Kf8 74. f5 Kg8 75. f6 Rxb7+ 76. cxb7 Kf8 77. b8=Q# 1-0


[Site "https://www.chess.com"]

[Event "Titled Tuesday Blitz March 08 Early 2022"]
[White "Manelyuk, Daniil"]
[Black "Rudzinska, Michalina"]
[WhiteFideId "44173920"]
[BlackFideId "1172883"]
[WhiteElo "2222"]
[BlackElo "1904"]
[Result "1-0"]
[Round "07"]
[TimeControl "180+1"]
[Date "2022.03.09"]
[WhiteClock "0:01:06"]
[BlackClock "0:00:34"]

1. e4 c5 2. Nf3 e6 3. c4 Nc6 4. Nc3 Nd4 5. Bd3 Ne7 6. Nxd4 cxd4 7. Ne2 Nc6 8. Bc2 g6 9. d3 Bg7 10. O-O O-O 11. f4 d5 12. cxd5 exd5 13. exd5 Qxd5 14. Bb3 Qd6 15. Ng3 Be6 16. Ne4 Qe7 17. f5 Bxb3 18. axb3 Qe5 19. f6 Bh8 20. Bh6 Rfe8 21. Rc1 Re6 22. Rc5 Qc7 23. b4 a6 24. Qg4 Rae8 25. Qh3 Re5 26. Bf4 Qd8 27. Bxe5 Nxe5 28. Qh6 Ng4 29. Qh4 Ne3 30. Rh5 gxh5 31. Qg5+ Kf8 32. Qh6+ Kg8 33. Ng5 Qxf6 34. Rxf6 Bxf6 35. Qxh7+ Kf8 36. Qxf7# 1-0


[Site "https://www.chess.com"]

[Event "Titled Tuesday Blitz March 08 Early 2022"]
[White "Manukian, Artak"]
[Black "Mekhitarian, Krikor Sevag"]
[WhiteFideId "13301373"]
[BlackFideId "2107660"]
[WhiteElo "2508"]
[BlackElo "2598"]
[Result "1/2-1/2"]
[Round "07"]
[TimeControl "180+1"]
[Date "2022.03.09"]
[WhiteClock "0:00:11"]
[BlackClock "0:00:16"]

1. e4 c5 2. Nf3 g6 3. c3 d5 4. exd5 Qxd5 5. d4 Bg7 6. dxc5 Qxd1+ 7. Kxd1 Nf6 8. Be3 Ng4 9. Nbd2 Nxe3+ 10. fxe3 Nd7 11. Nb3 O-O 12. Bb5 Nf6 13. Ke2 a6 14. Ba4 Be6 15. Nbd4 Bc4+ 16. Ke1 Rfd8 17. Bb3 Bd5 18. Bxd5 Nxd5 19. Kf2 Rac8 20. Nb3 Bh6 21. Rhe1 Nf6 22. h3 Ne4+ 23. Ke2 Nxc5 24. Nxc5 Rxc5 25. Red1 Rcd5 26. Rxd5 Rxd5 27. e4 Rd8 28. Rd1 Rxd1 29. Kxd1 Kf8 30. c4 Ke8 31. b4 Kd7 32. Kc2 f5 33. exf5 gxf5 34. a4 Bg7 35. g4 e6 36. gxf5 exf5 37. Kd3 Bf6 38. c5 Ke6 39. Kc4 f4 40. b5 axb5+ 41. axb5 Kf5 42. Kd5 Bd8 43. c6 bxc6+ 44. bxc6 Bb6 45. Nd4+ Kf6 46. Ke4 Bc7 47. Nb5 Bb6 48. c7 Bxc7 49. Nxc7 Kg5 50. Nd5 Kh4 51. Nxf4 Kg3 52. Kf5 h6 53. Ke5 Kf3 54. Kf5 Kg3 55. Ke4 Kf2 56. Kf5 Kg3 1/2-1/2


[Site "https://www.chess.com"]

[Event "Titled Tuesday Blitz March 08 Early 2022"]
[White "Martinez Alcantara, Jose Eduardo"]
[Black "Jumabayev, Rinat"]
[WhiteFideId "3805662"]
[BlackFideId "13702661"]
[WhiteElo "2690"]
[BlackElo "2561"]
[Result "1-0"]
[Round "07"]
[TimeControl "180+1"]
[Date "2022.03.08"]
[WhiteClock "0:00:05"]
[BlackClock "0:00:03"]

1. e4 e5 2. Nf3 Nc6 3. Bb5 Nf6 4. d3 Bc5 5. c3 O-O 6. O-O d6 7. h3 a6 8. Bxc6 bxc6 9. Nbd2 h6 10. Re1 Re8 11. Nf1 a5 12. Ng3 Bb6 13. Qc2 a4 14. Be3 c5 15. Rad1 Be6 16. c4 Nd7 17. Qc1 Kh7 18. Rf1 c6 19. Qc2 Kh8 20. Qc1 Kh7 21. Qc2 Kh8 22. Nh2 d5 23. f4 exf4 24. Bxf4 Bc7 25. Nh5 Qh4 26. Bxc7 Qxh5 27. Qc3 Qg6 28. Kh1 dxe4 29. dxe4 Nf6 30. Qc1 Nxe4 31. Rde1 f5 32. Bf4 Rad8 33. Nf3 Kh7 34. b3 axb3 35. axb3 Bc8 36. Kh2 Qf6 37. Qa1 Qxa1 38. Rxa1 Rd3 39. Ra7 Kg8 40. Be5 Rd7 41. Rfa1 Ng5 42. Nxg5 Rxe5 43. Nf3 Re8 44. Ra8 Rdd8 45. R8a5 Be6 46. Rxc5 Rd6 47. Ra6 Rb8 48. Rcxc6 Rxc6 49. Rxc6 Kf7 50. Nd4 Bd7 51. Rc7 Ke8 52. Ra7 Rc8 53. Kg3 g5 54. Kf3 Rc5 55. Ke3 Re5+ 56. Kd3 f4 57. c5 h5 58. b4 g4 59. hxg4 hxg4 60. c6 Bc8 61. b5 f3 62. gxf3 g3 63. Ra1 g2 64. Rg1 Bh3 65. b6 Kd8 66. c7+ Kd7 67. Rc1 Kd6 68. b7 Rc5 69. Rxc5 g1=Q 70. Rc6+ Kd5 71. c8=Q Qxd4+ 72. Kc2 Bxc8 73. bxc8=Q Qf2+ 74. Kb3 Qe3+ 75. Rc3 Qb6+ 76. Ka2 Qa5+ 77. Kb2 Qb6+ 78. Rb3 Qd4+ 79. Qc3 1-0


[Site "https://www.chess.com"]

[Event "Titled Tuesday Blitz March 08 Early 2022"]
[White "Matlakov, Maxim"]
[Black "Tabatabaei, M. Amin"]
[WhiteFideId "4168003"]
[BlackFideId "12521213"]
[WhiteElo "2669"]
[BlackElo "2544"]
[Result "0-1"]
[Round "07"]
[TimeControl "180+1"]
[Date "2022.03.08"]
[WhiteClock "0:00:01"]
[BlackClock "0:01:07"]

1. e4 c6 2. d4 d5 3. exd5 cxd5 4. Bd3 Nf6 5. Nf3 Nc6 6. h3 g6 7. c3 Bf5 8. Ne5 Bxd3 9. Nxd3 Bg7 10. Bf4 O-O 11. O-O Ne4 12. Nd2 Nxd2 13. Qxd2 e6 14. g3 Rc8 15. h4 h5 16. Rfe1 Na5 17. Kg2 Nc4 18. Qe2 Qf6 19. Bg5 Qf5 20. f3 f6 21. Bc1 e5 22. b3 Nd6 23. Ba3 Rfd8 24. Bxd6 Rxd6 25. Qd2 Kh7 26. Rad1 Rdc6 27. dxe5 Rxc3 28. Qf4 fxe5 29. Qxf5 gxf5 30. Nxe5 Rc2+ 31. Kh3 Rxa2 32. Rxd5 Rcc2 33. Rh1 Rd2 34. Rxd2 Rxd2 35. Nc4 Rd3 36. Re1 Rxf3 37. Re7 Rxb3 38. Nd6 Kg6 39. Kg2 a5 40. Re6+ Bf6 0-1


[Site "https://www.chess.com"]

[Event "Titled Tuesday Blitz March 08 Early 2022"]
[White "Maung, Maung Kyaw Zaw Hein"]
[Black "Decuigniere, Tom"]
[WhiteFideId "13001698"]
[BlackFideId "26093820"]
[WhiteElo "1785"]
[BlackElo "1997"]
[Result "1-0"]
[Round "07"]
[TimeControl "180+1"]
[Date "2022.03.09"]
[WhiteClock "0:00:06"]
[BlackClock "0:00:02"]

1. Nf3 c5 2. c4 g6 3. d4 cxd4 4. Nxd4 Bg7 5. e4 Nc6 6. Be3 Nf6 7. Nc3 O-O 8. Be2 d6 9. O-O Bd7 10. f3 Nxd4 11. Bxd4 Bc6 12. Qd2 a5 13. Be3 Nd7 14. Rac1 Nc5 15. Nd5 e6 16. Nc3 Be5 17. g3 f5 18. exf5 Rxf5 19. f4 Bxc3 20. Qxc3 Ne4 21. Qc2 h5 22. Bf3 d5 23. Rcd1 Qe7 24. Bg2 Rff8 25. Bd4 Rfd8 26. cxd5 exd5 27. Be5 Qc5+ 28. Qxc5 Nxc5 29. Rd2 Ne4 30. Rd4 Kf7 31. Rfd1 Re8 32. Bxe4 dxe4 33. Kf2 Rxe5 34. fxe5 Ke6 35. Rd6+ Kxe5 36. Rxg6 Rf8+ 37. Ke1 e3 38. Rg7 Rf2 39. Re7+ Kf6 40. Rxe3 Rxb2 41. Rd6+ Kf7 42. h3 Rxa2 43. g4 hxg4 44. hxg4 Rg2 45. Rd4 a4 46. Kf1 a3 47. Rxa3 Rb2 48. Rg3 Kg6 49. g5 Rb5 50. Rd6+ Kg7 51. g6 Rf5+ 52. Ke1 Re5+ 53. Kd2 Re7 54. Kc3 Rc7 55. Kb4 Be4 56. Rd4 Bxg6 57. Rd6 Rc6 58. Rgxg6+ 1-0


[Site "https://www.chess.com"]

[Event "Titled Tuesday Blitz March 08 Early 2022"]
[White "Mikhailov, Viacheslav"]
[Black "Suarez Uriel, Adrian"]
[WhiteFideId "4187369"]
[BlackFideId "22230874"]
[WhiteElo "2381"]
[BlackElo "2316"]
[Result "1-0"]
[Round "07"]
[TimeControl "180+1"]
[Date "2022.03.09"]
[WhiteClock "0:01:06"]
[BlackClock "0:00:17"]

1. c4 e5 2. g3 Nf6 3. Bg2 h6 4. Nc3 Bb4 5. Nf3 e4 6. Nd4 Bxc3 7. dxc3 Nc6 8. O-O O-O 9. c5 Re8 10. Bf4 Ne5 11. Qc2 Ng6 12. Be3 b6 13. Rad1 Qe7 14. Nb5 Qe5 15. Bd4 Qe7 16. Nxc7 Bb7 17. Nxa8 Bxa8 18. cxb6 axb6 19. Bxf6 Qxf6 20. Rxd7 Ne5 21. Rd4 Qf5 22. Bxe4 Qh5 23. Bxa8 Rxa8 24. Qe4 Re8 25. Rfd1 f5 26. Qd5+ Kh7 27. R1d2 f4 28. Rxf4 Qh3 29. Qg2 Qh5 30. Qe4+ Kh8 31. Rf5 Qg6 32. Rxe5 Qxe4 33. Rxe4 Rxe4 34. f3 Ra4 35. b3 1-0


[Site "https://www.chess.com"]

[Event "Titled Tuesday Blitz March 08 Early 2022"]
[White "Mikhalsky, Vladimir"]
[Black "Zaichenko, Daria"]
[WhiteFideId "14144352"]
[BlackFideId "4197453"]
[WhiteElo "2301"]
[BlackElo "2039"]
[Result "1/2-1/2"]
[Round "07"]
[TimeControl "180+1"]
[Date "2022.03.09"]
[WhiteClock "0:00:59"]
[BlackClock "0:01:57"]

1. c4 e6 2. g3 d5 3. Bg2 Be7 4. Nf3 Nf6 5. O-O Kf8 6. b3 g6 7. Bb2 Kg7 8. g4 h6 9. h4 Kh7 10. g5 Ne4 11. d3 Nc5 12. Bxh8 Qxh8 13. d4 Ne4 14. Nbd2 hxg5 15. Nxe4 dxe4 16. Nxg5+ Bxg5 17. hxg5 Kg7 18. Bxe4 Nc6 19. Bxc6 bxc6 20. Qd2 Qh5 21. Qf4 Bb7 22. c5 Rh8 23. Qf6+ Kg8 24. Qd8+ Kg7 25. Qf6+ Kg8 26. Qd8+ Kg7 27. Qf6+ 1/2-1/2


[Site "https://www.chess.com"]

[Event "Titled Tuesday Blitz March 08 Early 2022"]
[White "Mikhnenko, Alexander"]
[Black "Roman, Rodrigo"]
[WhiteFideId "34143014"]
[BlackFideId "3701220"]
[WhiteElo "2184"]
[BlackElo "2001"]
[Result "1-0"]
[Round "07"]
[TimeControl "180+1"]
[Date "2022.03.09"]
[WhiteClock "0:02:31"]
[BlackClock "0:01:45"]

1. e4 e5 2. Nf3 Nc6 3. Bb5 a6 4. Ba4 Nf6 5. O-O b5 6. Bb3 Bc5 7. c3 O-O 8. d4 Bd6 9. Bg5 h6 10. Bh4 Bb7 11. Re1 Re8 12. Nbd2 b4 13. Nf1 a5 14. Ng3 g5 15. Nxg5 hxg5 16. Bxg5 Be7 17. Nf5 Nh7 18. Bxe7 Nxe7 19. Qg4+ Ng6 20. Qxg6+ Kh8 21. Qg7# 1-0


[Site "https://www.chess.com"]

[Event "Titled Tuesday Blitz March 08 Early 2022"]
[White "Mirzanurov, Bulat"]
[Black "Krylov, Ivan"]
[WhiteFideId "4184521"]
[BlackFideId "24128066"]
[WhiteElo "2116"]
[BlackElo "2258"]
[Result "1-0"]
[Round "07"]
[TimeControl "180+1"]
[Date "2022.03.09"]
[WhiteClock "0:00:15"]
[BlackClock "0:00:26"]

1. e4 c6 2. d4 d5 3. exd5 cxd5 4. Bd3 Nf6 5. h3 g6 6. c3 Bg7 7. Qc2 Nc6 8. Nf3 O-O 9. O-O Bd7 10. Re1 Rc8 11. a3 Na5 12. Nbd2 Qc7 13. Rxe7 Rfe8 14. Rxe8+ Rxe8 15. Nf1 Nc4 16. Ne3 Ne4 17. Nxc4 Nxf2 18. Qxf2 dxc4 19. Bc2 Bc6 20. Bd2 Qa5 21. Re1 Rd8 22. Bf4 Qb5 23. Be4 Bd7 24. Ne5 Be6 25. Bh2 Bh6 26. Qf6 Re8 27. Rf1 Rf8 28. Qf2 f5 29. Bf3 a5 30. Re1 Bd5 31. Bxd5+ Qxd5 32. Qf3 Qb5 33. Qe2 Re8 34. Rf1 Rc8 35. Qf3 Qxb2 36. Qd5+ Kh8 37. Nf7+ Kg7 38. Nxh6 Kxh6 39. Bf4+ Kh5 40. Qf3+ Kh4 41. Qg3+ Kh5 42. Qg5# 1-0


[Site "https://www.chess.com"]

[Event "Titled Tuesday Blitz March 08 Early 2022"]
[White "Mirzoev, Azer"]
[Black "Le, Tuan Minh"]
[WhiteFideId "13400304"]
[BlackFideId "12401153"]
[WhiteElo "2525"]
[BlackElo "2450"]
[Result "1-0"]
[Round "07"]
[TimeControl "180+1"]
[Date "2022.03.08"]
[WhiteClock "0:00:18"]
[BlackClock "0:00:03"]

1. d4 d5 2. Nf3 Nf6 3. Bf4 Nh5 4. Bg5 h6 5. Bh4 g5 6. Bg3 Nxg3 7. hxg3 Bg7 8. e3 c5 9. c3 Qb6 10. Qb3 Nc6 11. Nbd2 e6 12. Be2 Bd7 13. O-O O-O-O 14. Rfc1 g4 15. Ne1 h5 16. Nd3 c4 17. Qxb6 axb6 18. Nf4 Bf8 19. e4 Bh6 20. exd5 exd5 21. Nf1 h4 22. Re1 hxg3 23. fxg3 Kb8 24. Nxd5 b5 25. Nf4 Bg5 26. a4 bxa4 27. Bxc4 f5 28. Bb5 Rh6 29. Bxa4 Rdh8 30. Kf2 Bc8 31. Bb3 Nd8 32. Ra5 Rb6 33. Ra3 Bh6 34. Nd5 Rd6 35. Rea1 Ra6 36. Rxa6 bxa6 37. Nf4 Bf8 38. Bc4 Ka7 39. b4 Kb6 40. Ne3 Bd6 41. Ned5+ Kc6 42. Bxa6 Nb7 43. Bd3 Rf8 44. b5+ Kd7 45. Ra7 Kd8 46. c4 Nc5 47. Ra8 Nxd3+ 48. Nxd3 Re8 49. c5 Bf8 50. Ne5 Bxc5 51. Nc6+ Kd7 52. dxc5 Rf8 53. Ra7+ Ke6 54. Nf4+ Kf6 55. Nd4 Ke5 56. Nde2 Rd8 57. c6 Rd2 58. Ra8 1-0


[Site "https://www.chess.com"]

[Event "Titled Tuesday Blitz March 08 Early 2022"]
[White "Mitusov, Semen"]
[Black "Gabrielian, Artur"]
[WhiteFideId "14151049"]
[BlackFideId "4131002"]
[WhiteElo "2265"]
[BlackElo "2440"]
[Result "1-0"]
[Round "07"]
[TimeControl "180+1"]
[Date "2022.03.08"]
[WhiteClock "0:00:16"]
[BlackClock "0:00:01"]

1. e4 c5 2. c3 Nf6 3. e5 Nd5 4. d4 cxd4 5. cxd4 d6 6. Nf3 Nc6 7. Bc4 Nb6 8. Bb3 dxe5 9. d5 Nd4 10. Nxd4 exd4 11. Qxd4 Bf5 12. Nc3 h5 13. O-O h4 14. h3 Rc8 15. Re1 Qd7 16. Bf4 f6 17. a4 Kf7 18. a5 Na8 19. Re3 Nc7 20. Bxc7 Rxc7 21. d6+ Kg6 22. dxe7 Bxe7 23. Nd5 Bc5 24. Qf4 Bxe3 25. fxe3 Rc5 26. Qf3 Kh6 27. e4 Bg6 28. Qe3+ Kh7 29. Qxc5 Bxe4 30. Rd1 Qf5 31. Qf2 Qg5 32. Nc3 Bg6 33. Bc2 Re8 34. Bxg6+ Kxg6 35. Re1 Rxe1+ 36. Qxe1 Qxa5 37. Qxh4 Qb6+ 38. Qf2 Qd6 39. Qxa7 b6 40. Qa1 Qd4+ 41. Kh1 f5 42. Qe1 Kh7 43. Qf1 g6 44. Qe2 Kh6 45. Qd1 Qe3 46. Ne2 f4 47. Ng1 1-0


[Site "https://www.chess.com"]

[Event "Titled Tuesday Blitz March 08 Early 2022"]
[White "Mkrtchyan, Mariam"]
[Black "Sanchez Alvares, Kelvin Antonio"]
[WhiteFideId "13310828"]
[BlackFideId "3906680"]
[WhiteElo "1984"]
[BlackElo "2193"]
[Result "0-1"]
[Round "07"]
[TimeControl "180+1"]
[Date "2022.03.09"]
[WhiteClock "0:00:33"]
[BlackClock "0:01:24"]

1. Nf3 d5 2. g3 c5 3. Bg2 Nc6 4. d4 Nf6 5. O-O cxd4 6. Nxd4 e5 7. Nxc6 bxc6 8. c4 Be6 9. Nc3 Be7 10. Bg5 Rb8 11. Qa4 O-O 12. Qxc6 dxc4 13. Rad1 Qc8 14. Rd2 Qxc6 15. Bxc6 Rfc8 16. Bg2 Bb4 17. Rc1 Nd7 18. a3 Bxc3 19. Rxc3 Nb6 20. e4 Na4 21. Rcc2 f6 22. Be3 Rc7 23. Bf1 Kf7 24. f3 Rb3 25. Kf2 c3 26. bxc3 Nxc3 27. Rb2 Rxb2 28. Rxb2 Nd1+ 0-1


[Site "https://www.chess.com"]

[Event "Titled Tuesday Blitz March 08 Early 2022"]
[White "Mohammad Fahad, Rahman"]
[Black "Leve, Nitai"]
[WhiteFideId "10207791"]
[BlackFideId "2006898"]
[WhiteElo "2323"]
[BlackElo "2144"]
[Result "1-0"]
[Round "07"]
[TimeControl "180+1"]
[Date "2022.03.09"]
[WhiteClock "0:00:46"]
[BlackClock "0:00:03"]

1. Nf3 Nf6 2. b3 g6 3. Bb2 Bg7 4. d4 O-O 5. c4 b6 6. Nbd2 Bb7 7. e3 d5 8. Bd3 dxc4 9. bxc4 Nbd7 10. O-O e6 11. e4 Nh5 12. Qb3 Nf4 13. Bc2 g5 14. Qe3 Qf6 15. e5 Qh6 16. Be4 Bxe4 17. Nxe4 g4 18. Nfg5 Nh5 19. Qe2 f5 20. exf6 Ndxf6 21. Nxe6 Rae8 22. Nxf6+ Rxf6 23. d5 Nf4 24. Qxg4 Rexe6 25. dxe6 Rg6 26. e7 Rxg4 27. e8=Q+ Bf8 28. g3 Qh3 29. Qe4 Ng6 30. Qd5# 1-0


[Site "https://www.chess.com"]

[Event "Titled Tuesday Blitz March 08 Early 2022"]
[White "Mohammadian, Mohammad"]
[Black "Dilmukhametov, Artur"]
[WhiteFideId "12566055"]
[BlackFideId "24179922"]
[WhiteElo "1544"]
[BlackElo "2237"]
[Result "1-0"]
[Round "07"]
[TimeControl "180+1"]
[Date "2022.03.09"]
[WhiteClock "0:01:39"]
[BlackClock "0:00:34"]

1. e4 e6 2. d4 d5 3. Nd2 c5 4. Ne2 Nc6 5. exd5 exd5 6. dxc5 Bxc5 7. Nf3 Nf6 8. Ng3 O-O 9. Be2 Bg4 10. O-O Re8 11. c3 Ne4 12. Bf4 Nxg3 13. Bxg3 d4 14. cxd4 Nxd4 15. Nxd4 Bxd4 16. Bxg4 Bxb2 17. Qxd8 Raxd8 18. Rab1 Bf6 19. Rxb7 a5 20. Ra7 Rd5 21. Bf3 Rg5 22. Bh4 Rb5 23. Bxf6 gxf6 24. Rd1 Kg7 25. h3 Reb8 26. Rdd7 Rb1+ 27. Kh2 Ra1 28. Rxf7+ Kg8 29. Rg7+ Kh8 30. Rxh7+ Kg8 31. Bd5+ Kf8 32. Rh8# 1-0


[Site "https://www.chess.com"]

[Event "Titled Tuesday Blitz March 08 Early 2022"]
[White "Molina, Roberto Junio Brito"]
[Black "Jaferian, Koosha"]
[WhiteFideId "2109450"]
[BlackFideId "12507440"]
[WhiteElo "2432"]
[BlackElo "2030"]
[Result "1-0"]
[Round "07"]
[TimeControl "180+1"]
[Date "2022.03.08"]
[WhiteClock "0:00:05"]
[BlackClock "0:00:05"]

1. d4 Nf6 2. c4 e6 3. Nf3 b6 4. g3 Ba6 5. b3 Bb4+ 6. Bd2 Be7 7. Bg2 O-O 8. O-O c6 9. Qc2 d5 10. Nc3 Nbd7 11. Rfd1 Rc8 12. Bf4 Nh5 13. Be3 f5 14. Ne5 Nhf6 15. Bg5 Ne4 16. Bxe7 Qxe7 17. Nxe4 fxe4 18. Nxd7 Qxd7 19. Rac1 Rf6 20. f4 Bb7 21. e3 Qe7 22. c5 Rff8 23. b4 Ra8 24. a4 bxc5 25. Qxc5 Qxc5 26. Rxc5 Rfc8 27. Rdc1 Kf7 28. Kf2 Ke7 29. Ke1 Kd6 30. Kd2 a6 31. Kc3 Rc7 32. Rf1 Bc8 33. g4 Bd7 34. g5 h5 35. h4 g6 36. Rf2 Rf8 37. Rb2 Rf7 38. Bf1 Bc8 39. Ra5 Ra7 40. Kb3 Rfc7 41. Rc2 Kd7 42. Be2 Kd6 43. Ka3 Kd7 44. Rcc5 Kd6 45. Kb3 Kd7 46. Kc3 Kd6 47. Kb3 Kd7 48. Bf1 Kd6 49. Bh3 Kd7 50. Bg2 Kd6 51. Bf1 Kd7 52. Be2 Kd6 53. b5 axb5 54. Rxa7 Rxa7 55. axb5 cxb5 56. Rxc8 Ra1 57. Kc2 Rh1 58. Kd2 Rxh4 59. Rg8 b4 60. Rxg6 b3 61. Kc3 Rh2 62. Bd1 b2 63. Bc2 Re2 64. f5 Rxe3+ 65. Kxb2 Rf3 66. Rxe6+ Kd7 67. Rf6 e3 68. Bd3 h4 69. Rh6 e2 70. Bxe2 Rf2 71. Kc3 Rxe2 72. Rxh4 Rg2 73. Rh7+ Kd6 74. Rg7 Rg3+ 75. Kd2 Rg2+ 76. Ke3 Rxg5 77. Rxg5 1-0


[Site "https://www.chess.com"]

[Event "Titled Tuesday Blitz March 08 Early 2022"]
[White "Morefield, Jason"]
[Black "Dolzhykova, Kateryna"]
[WhiteFideId "30920825"]
[BlackFideId "14113414"]
[WhiteElo "2171"]
[BlackElo "2184"]
[Result "1-0"]
[Round "07"]
[TimeControl "180+1"]
[Date "2022.03.09"]
[WhiteClock "0:00:54"]
[BlackClock "0:00:01"]

1. d4 Nf6 2. c4 e6 3. Nf3 d5 4. Nc3 Be7 5. Bf4 O-O 6. e3 c5 7. dxc5 Bxc5 8. cxd5 Nxd5 9. Nxd5 exd5 10. Bd3 Nc6 11. O-O Be6 12. Ng5 h6 13. Nxe6 fxe6 14. Rc1 Bd6 15. Qh5 Bxf4 16. exf4 Qf6 17. g3 Rac8 18. Rfe1 Nd4 19. Rxc8 Rxc8 20. Kg2 Nf5 21. Rxe6 Qxe6 22. Bxf5 Qe8 23. Bg6 Qe6 24. Bf5 Qe8 25. Qg4 Rd8 26. Bd3 d4 27. Qf5 Qc6+ 28. Be4 Qd7 29. Qh7+ Kf8 30. Bg6 Qe6 31. Bd3 Qg8 32. Qf5+ Qf7 33. Qc5+ Qe7 34. Qxa7 Rd6 35. Qa8+ Rd8 36. Qa5 Qd6 37. Qf5+ Qf6 38. Qb5 Qc6+ 39. Qxc6 bxc6 40. Kf3 Re8 41. a4 c5 42. a5 Rb8 43. Ke4 Rxb2 44. Kd5 Rb3 45. Bc4 Ra3 46. Kxc5 d3 47. Kb6 d2 48. Be2 Rb3+ 49. Kc7 Ke7 50. a6 Ra3 51. Kb7 Kd6 52. a7 Rb3+ 53. Kc8 Ra3 54. Kb8 Rb3+ 55. Kc8 Rc3+ 56. Kb7 Rb3+ 57. Ka6 Kc7 58. a8=N+ Kc6 59. Ka7 Ra3+ 60. Kb8 Kc5 61. Nc7 Kd4 62. Nb5+ Ke4 63. Nxa3 1-0


[Site "https://www.chess.com"]

[Event "Titled Tuesday Blitz March 08 Early 2022"]
[White "Moroni, Luca Jr"]
[Black "Bluebaum, Matthias"]
[WhiteFideId "865834"]
[BlackFideId "24651516"]
[WhiteElo "2573"]
[BlackElo "2550"]
[Result "1-0"]
[Round "07"]
[TimeControl "180+1"]
[Date "2022.03.08"]
[WhiteClock "0:00:12"]
[BlackClock "0:00:19"]

1. d4 Nf6 2. Bf4 d5 3. e3 c5 4. Nf3 Nc6 5. Nbd2 cxd4 6. exd4 Qb6 7. Nb3 Bf5 8. c3 e6 9. Bd3 Bxd3 10. Qxd3 a5 11. O-O a4 12. Nbd2 Be7 13. Rab1 O-O 14. h3 Qa6 15. Qe3 a3 16. b3 Rac8 17. Rbc1 b5 18. b4 Rfd8 19. Bg5 Ne8 20. Bxe7 Nxe7 21. Nb3 Nd6 22. Nc5 Qa8 23. Ne5 Nc4 24. Qf4 Nxe5 25. Qxe5 Qb8 26. Qxb8 Rxb8 27. Rfe1 Nf5 28. Kf1 Nd6 29. Ke2 g5 30. Kd3 Kg7 31. Kc2 Nc4 32. Kb3 h6 33. Re2 Rbc8 34. Rf1 Re8 35. f4 Kg6 36. g4 f5 37. Nxe6 gxf4 38. gxf5+ Kf6 39. Rxf4 h5 40. h4 Rg8 41. Ng5 Rce8 42. Re6+ Rxe6 43. fxe6+ Kg6 44. Rf7 Re8 45. Rb7 Rf8 46. Rxb5 Rf2 47. Rxd5 Nd2+ 48. Kxa3 Nb1+ 49. Kb3 Nd2+ 50. Ka4 Nb1 51. Re5 Nxc3+ 52. Kb3 Ne2 53. e7 Nxd4+ 54. Kc4 1-0


[Site "https://www.chess.com"]

[Event "Titled Tuesday Blitz March 08 Early 2022"]
[White "Moskvin, Anatoly"]
[Black "Kim, Sergey"]
[WhiteFideId "24199990"]
[BlackFideId "13700570"]
[WhiteElo "2079"]
[BlackElo "2545"]
[Result "0-1"]
[Round "07"]
[TimeControl "180+1"]
[Date "2022.03.09"]
[WhiteClock "0:00:02"]
[BlackClock "0:00:44"]

1. f4 Nf6 2. Nf3 g6 3. b3 Bg7 4. Bb2 d6 5. e3 O-O 6. Be2 e5 7. O-O e4 8. Ne1 Re8 9. g3 d5 10. Ng2 c5 11. d3 exd3 12. cxd3 Nc6 13. Nd2 Bh3 14. Rf3 Qd7 15. Nf1 b6 16. Rf2 a5 17. Bf3 Ng4 18. Bxg4 Bxg4 19. Qd2 d4 20. e4 a4 21. bxa4 Rxa4 22. a3 Na5 23. Qc2 Be6 24. Nd2 Rc8 25. f5 gxf5 26. exf5 Bd5 27. Nf4 Bb7 28. Nh5 c4 29. dxc4 Nxc4 30. Nxg7 Qd5 31. Qe4 Nxb2 32. Qxd5 Bxd5 33. Nh5 Kf8 34. Nf6 Bb7 35. Rb1 Nd3 36. Nd7+ Ke7 37. Nxb6 Nxf2 38. Nxc8+ Bxc8 39. Kxf2 Rxa3 40. Nc4 Rc3 41. Ne5 Kf6 42. Nf3 Rc2+ 43. Ke1 d3 44. Rb6+ Ke7 45. f6+ Kd7 46. Ne5+ Kc7 47. Ra6 Bxa6 0-1


[Site "https://www.chess.com"]